 Dungeon Crawl Stone Soup version 0.30.1-9-gdf580d7c3d (webtiles) character file.

Game seed: 6514923138295509418

70 safid the Chiller (level 4, -1/33 HPs)
             Began as a Merfolk Ice Elementalist on Oct 4, 2023.
             Killed by nerve-wracking pain
             ... invoked by Jessica
              (8 damage)
             ... on level 3 of the Dungeon.
             The game lasted 00:02:25 (1909 turns).

safid the Chiller (Merfolk Ice Elementalist)        Turns: 1909, Time: 00:02:26

Health: -1/33      AC:  4    Str:  8    XL:     4   Next: 22%
Magic:  6/8        EV: 12    Int: 16    God:
Gold:   140        SH:  0    Dex: 14    Spells: 1/8 levels left

rFire   . . .        g - +0 dagger
rCold   . . .        (no shield)
rNeg    . . .        a - +0 robe
rPois   .            k - +0 helmet
rElec   .            i - +0 cloak
rCorr   .            (no gloves)
SInv    .            (no boots)
Will    .....        (no amulet)
Stlth   ++           (no ring)
HPRegen 0.25/turn    (no ring)
MPRegen 0.11/turn

%: no passive effects
@: no status effects
A: (nimble swimmer 2), mertail
a: no special abilities


You were on level 3 of the Dungeon.
You visited 1 branch of the dungeon, and saw 3 of its levels.

You collected 140 gold pieces.

Inventory:

Hand Weapons
 g - a +0 dagger (weapon)
Armour
 a - a +0 robe (worn)
 i - a +0 cloak (worn)
 k - a +0 helmet (worn)
Scrolls
 c - 3 scrolls of identify {unknown}
 h - a scroll of vulnerability {unknown}
Potions
 b - 3 potions of magic
 d - 2 potions of resistance {unknown}
 e - 2 potions of brilliance {unknown}
 f - a potion of curing {unknown}
 j - a potion of heal wounds {unknown}


   Skills:
 + Level 2.2 Fighting
 - Level 2.6 Dodging
 - Level 2.1 Stealth
 + Level 2.8 Spellcasting
 + Level 5.0 Ice Magic


You had one spell level left.
You knew the following spells:

 Your Spells              Type           Power      Damage    Failure   Level
a - Freeze                Ice            72%        1d8       2%          1
b - Frozen Ramparts       Ice            36%        1d6       7%          3
c - Ozocubu's Armour      Ice            18%        N/A       7%          3

Your spell library contained the following spells:

 Spells                   Type           Power      Damage    Failure   Level
 Shock                    Conj/Air       8%         1d3       19%         1
 Stone Arrow              Conj/Erth      4%         3d7       50%         3
 Summon Guardian Golem    Hex/Summ       2%         N/A       50%         3
 Summon Ice Beast         Ice/Summ       10%        N/A       56%         4
 Leda's Liquefaction      Hex/Erth       1%         N/A       88%         4
 Metabolic Englaciation   Hex/Ice        5%         N/A       88%         5
 Lee's Rapid Deconstruct  Erth           1%         3d4*      99%         5
 Simulacrum               Ice/Necr       5%         N/A       100%        6
 Statue Form              Tmut/Erth      1%         N/A       100%        6
 Spellforged Servitor     Conj/Summ      1%         N/A       100%        7


Dungeon Overview and Level Annotations

Branches:
Dungeon (2/15)

Altars:

Annotations:
D:3 Jessica


Innate Abilities, Weirdness & Mutations

((You are very nimble when in or above water. (Stealth+, EV+, Speed+++)))
Your lower body shifts to a powerful aquatic tail in water.


Message History

The spell is quite dangerous to miscast (7% risk of failure)!
Continue anyway?
Okay, then.
Casting: Frozen Ramparts (quite dangerous; 7% risk of failure)
Confirm with . or Enter, or press ? or * to list all spells.
The spell is quite dangerous to miscast (7% risk of failure)!
Continue anyway? [Y]es or [N]o only, please.
The spell is quite dangerous to miscast (7% risk of failure)!
Continue anyway?
Casting: Frozen Ramparts (quite dangerous; 7% risk of failure)
Press: ? - help, Dir - look around, f - activate An open door.
The walls around you are covered in ice.
You closely miss the quokka.
The wall freezes the quokka.
You kill the quokka!
You hit Jessica.
Jessica is moderately wounded.
The wall freezes Jessica but does no damage.
Jessica gestures at you while chanting. Pain shoots through your body!
You barely miss Jessica.
Jessica is moderately wounded.
The wall freezes Jessica.
Jessica casts a spell.
Jessica blinks!
Your frozen ramparts will break if you move.
Continue?
Okay, then.
Jessica gestures at you while chanting. Pain shoots through your body!
Jessica points at you and mumbles some strange words.
You resist with some effort.
The frozen ramparts melt away.
Jessica mumbles some strange words.
Jessica seems to speed up.
Jessica casts a spell.
Jessica blinks!
Jessica gestures at you while chanting. Pain shoots through your body!
* * * LOW HITPOINT WARNING * * *
Jessica points at you and mumbles some strange words.
Pain shoots through your body!
You die...

.## #......# ##
#.###############
######.#####.#.##.##.#
.............>.##.##.#
##.............##.##.#
...###.####.#..#..##.#
### #.# #.##.....#.###
..# #.# #.#..........#
..#
#.####...##@##..#.#
..#
#.......##.@.##...#
....
#.......#.....#...#
..#.
........#....?#...#
..#
######..#!...:#...#
..# #..##...##...# ###
##..#####....#
##.......####
##.....##


You could see Jessica (fast).

Vanquished Creatures
  Robin (D:3)
  2 dart slugs (D:1)
  6 bats
  5 endoplasms
  A giant cockroach (D:2)
  6 hobgoblins
  2 kobolds (D:1)
  5 quokkas
  2 ball pythons (D:2)
  15 goblins
  A rat (D:1)
46 creatures vanquished.

Notes
Turn   | Place    | Note
-------+----------+-------------------------------------------
     0 | D:1      | safid the Merfolk Ice Elementalist began the quest for the
                  | Orb.
     0 | D:1      | Reached XP level 1. HP: 13/13 MP: 3/3
   319 | D:1      | Reached XP level 2. HP: 7/20 MP: 3/5
   322 | D:1      | Reached skill level 1 in Fighting
   464 | D:1      | Found a faded altar of an unknown god.
   889 | D:1      | Got the Reference Book on Dynamic Bewitchment
   911 | D:1      | Reached XP level 3. HP: 14/26 MP: 4/6
  1240 | D:2      | Learned a level 3 spell: Frozen Ramparts
  1482 | D:2      | You fall into a shaft and drop 1 floor!
  1699 | D:3      | Noticed Robin
  1705 | D:3      | Killed Robin
  1706 | D:3      | Reached skill level 5 in Ice Magic
  1706 | D:3      | Reached XP level 4. HP: 25/33 MP: 2/8
  1710 | D:3      | Learned a level 3 spell: Ozocubu's Armour
  1896 | D:3      | Noticed Jessica
  1909 | D:3      | Killed from afar by Jessica

Illustrated notes

Levels and vault maps discovered:
D:1:      dpeg_arrival_water_temple_mockup, layout_basic,
          shapermc_ecumenical_altar_mp_highgroup, st_stairs_4
D:2:      layout_basic, basic_altar, hangedman_decor_points, uniq_sigmund
D:3:      layout_loops_ring, serial_shops, shop, minivault_4,
          grunt_decor_mini_mirrors, kennysheep_jessica_study, uniq_robin,
          uniq_crazy_yiuf_cottage

Skill      XL: |  1  2  3 |
---------------+----------+-----
Fighting       | 1 2 |  2.2
Ice Magic      | 5 |  5.0
Dodging        | |  2.6
Stealth        | |  2.1
Spellcasting   | |  2.8

Action                     |  1- 3 |  4- 6 || total
---------------------------+-------+-------++-------
  Melee: Unarmed           |    22 |       ||    22
         Dagger            |    87 |    22 ||   109
   Cast: Freeze            |    27 |     1 ||    28
         Frozen Ramparts   |     2 |     2 ||     4
   Stab: Sleeping          |     4 |     2 ||     6
         Distracted        |     1 |       ||     1
 Armour: Robe              |    33 |     4 ||    37
  Dodge: Dodged            |   113 |    10 ||   123
